 Dungeon Crawl Stone Soup version 0.28.0-45-g0d030f2227 (webtiles) character file.

Game seed: 405989067011104672

12159 NinjaNoafa the Fighter (level 11, -6/98 (100) HPs)
             Began as a Minotaur Fighter on Apr 17, 2022.
             Was a Priest of Wu Jian.
             Mangled by a spatial maelstrom (16 damage)
             ... on level 2 of the Abyss.
             The game lasted 00:27:40 (11087 turns).

NinjaNoafa the Fighter (Minotaur Fighter)          Turns: 11087, Time: 00:27:41

HP:   -6/98 (100)   AC:  8    Str: 27    XL:     11   Next: 58%
MP:   10/10         EV: 22    Int:  5    God:    Wu Jian [***...]
Gold: 677           SH:  6    Dex: 10    Spells: 10/10 levels left

rFire   + . .      SeeInvis +   m - +6 hand axe "Ywodorun" {vorpal, SInv}
rCold   . . .      Faith    .   c - +0 buckler
rNeg    . . .      Spirit   .   P - +0 steam dragon scales
rPois   .          Reflect  .   (helmet unavailable)
rElec   .          Harm     .   b - scarf {+Inv}
rCorr   .          Rampage  .   E - +0 pair of gloves
Will    .....                   (no boots)
Stlth   +.........              (no amulet)
HPRegen 0.26/turn               e - +4 ring of evasion
MPRegen 0.12/turn               z - +4 ring of evasion

@: slowed, lightly drained, serpent's lash, very slow
A: horns 3, retaliatory headbutt, fire resistance 1, strong 1
a: Renounce Religion, Evoke Invisibility, Wall Jump, Serpent's Lash


You were on level 2 of the Abyss.
You worshipped Wu Jian.
Wu Jian was most pleased with you.
You visited 2 branches of the dungeon, and saw 12 of its levels.
You visited the Abyss 1 time.
You also visited: Sewer.

You collected 677 gold pieces.

Inventory:

Hand Weapons
 m - the +6 hand axe "Ywodorun" (weapon) {vorpal, SInv}
   (You found it on level 2 of the Dungeon)

   It inflicts extra damage upon your enemies.
   SInv:      It lets you see invisible.
Missiles
 d - a curare-tipped dart
 l - 339 stones
 n - 30 poisoned darts (quivered)
 A - 5 javelins
 I - 17 boomerangs
Armour
 b - a scarf of invisibility (worn)
 c - a +0 buckler (worn)
 p - a +0 cloak
 E - a +0 pair of gloves (worn)
 H - a +0 ring mail
 K - a +0 cloak
 P - +0 steam dragon scales (worn)
Magical Staves
 i - a staff of poison
 r - a staff of fire
Jewellery
 e - a +4 ring of evasion (left hand)
 h - a ring of flight
 z - a +4 ring of evasion (right hand)
 G - a ring of poison resistance
 J - a ring of wizardry
Wands
 x - a wand of polymorph (19)
 C - a wand of acid (7)
 L - a wand of mindburst (15)
 M - a wand of paralysis (7)
 O - a wand of flame (50)
Scrolls
 f - a scroll of brand weapon
 g - 4 scrolls of vulnerability
 o - a scroll of silence
 u - 3 scrolls of magic mapping
 v - a scroll of fog
 y - a scroll of holy word
 B - a scroll of identify
 R - a scroll of enchant weapon
 S - a scroll of fear
Potions
 j - a potion of curing
 k - 2 potions of degeneration
 q - a potion of brilliance
 s - 3 potions of cancellation
 w - 5 potions of haste
 F - a potion of resistance
 N - 2 potions of mutation


   Skills:
 + Level 10.2 Fighting
 - Level 3.0 Long Blades
 - Level 8.4 Axes
 - Level 4.1 Throwing
 - Level 8.4 Armour
 + Level 9.1 Dodging
 - Level 9.2 Shields
 * Level 6.8 Evocations


You had 10 spell levels left.
You didn't know any spells.
Your spell library contained the following spells:

 Spells                   Type           Power      Damage    Failure   Level
 Magic Dart               Conj           0%         1d3       54%         1
 Corpse Rot               Necr/Air       0%         N/A       69%         2
 Ensorcelled Hibernation  Hex/Ice        0%         N/A       69%         2
 Passwall                 Tmut/Erth      0%         N/A       69%         2
 Sublimation of Blood     Necr           0%         N/A       69%         2
 Wereblood                Tmut           0%         N/A       69%         2
 Mephitic Cloud           Conj/Pois/Air  0%         N/A       89%         3
 Stone Arrow              Conj/Erth      0%         3d7       89%         3
 Swiftness                Air            0%         N/A       89%         3
 Tukima's Dance           Hex            0%         N/A       89%         3
 Anguish                  Hex/Necr       0%         N/A       100%        4
 Dispel Undead            Necr           0%         3d6       100%        4
 Sticky Flame             Conj/Fire      0%         2d3       100%        4
 Summon Forest            Summ/Tloc      0%         N/A       100%        5
 Death Channel            Necr           0%         N/A       100%        6
 Eringya's Noxious Bog    Tmut/Pois      0%         N/A       100%        6
 Enfeeble                 Hex            0%         N/A       100%        7
 Malign Gateway           Summ/Tloc      0%         N/A       100%        7
 Monstrous Menagerie      Summ           0%         N/A       100%        7
 Summon Hydra             Summ           0%         N/A       100%        7


Dungeon Overview and Level Annotations

Branches:
Dungeon (11/15)            Temple (0/1) D:5            Lair (1/6) D:8
  Sewer (visited)
    Orc: D:9-12

Altars:
Cheibriados
Gozag
Hepliaklqana
Nemelex Xobeh
Qazlal
Ru
Wu Jian
Xom
The Shining One

Annotations:
D:11 Sonja


Innate Abilities, Weirdness & Mutations

You have a pair of large horns on your head.
You reflexively headbutt those who attack you in melee.
Your flesh is heat resistant. (rF+)
Your muscles are strong. (Str +2)


Message History

That felt strangely unrewarding.
You hit the lich.
You destroy the lich!
The lich shimmers and vanishes!
The lich is lost in a daze.
You feel better. The lich touches you!
The rakshasa is lost in a daze.
The lich touches you but does no damage.
Why would you want to do that?
You feel very mighty all of a sudden.
You are suddenly pulled into a different region of the Abyss!
A spatial maelstrom comes into view.
A spatial vortex comes into view. x2
The spatial vortex moves out of view.
A spatial vortex comes into view. 2 spatial vortices come into view.
There are monsters nearby!
A spatial vortex comes into view.
You spin and attack the spatial vortex.
You slash the spatial vortex!
The spatial vortex is moderately damaged.
The spatial vortex hits you!!
* * * LOW HITPOINT WARNING * * *
You blink.
Unknown command.
You feel a little less mighty now.
A spatial vortex is nearby!
A spatial vortex comes into view.
A spatial maelstrom comes into view.
A spatial vortex comes into view.
The spatial maelstrom hits you!
* * * LOW HITPOINT WARNING * * *
Space warps horribly around you!
* * * LOW HITPOINT WARNING * * *
The spatial maelstrom completely misses you.
You block the spatial maelstrom's attack.
The spatial maelstrom closely misses you.
The spatial maelstrom closely misses you.
You furiously retaliate!
You headbutt the spatial maelstrom!
The spatial maelstrom hits you but does no damage.
Your muscles tense, ready for explosive movement...
You slash the spatial maelstrom!
The spatial maelstrom is heavily damaged.
The spatial maelstrom hits you!
You die...

. .. # ... ...#.
.#ยง#.. # .....#.....
#. #...#..v.# #. #
#...#.#..v ####.#
#.#...#. ##. #.....
#.#.#.....#.# #.....###
#..##.......#
#.....@.###.##........
#.....v..#.. ..#.##....
#...........#...####.#.
#.............. .# #.##
#.....##....##..## #.##
#.....##....... # .##
#.....#....#..#..# .
#.....#.#......#..#
##### ## .#v....##.


You could see a spatial maelstrom.

Vanquished Creatures
  A rakshasa (D:9)
  2 two-headed ogres (D:9)
  A manticore (D:9)
  A cyclops (D:11)
  A cane toad (Lair:1)
  A gargoyle (D:10)
  2 komodo dragons
  Psyche (D:10)
  3 trolls
  2 hornets
  Eustachio (D:5)
  12 yaks
  6 wyverns
  3 steam dragons
  A large abomination (Abyss:2)
  3 wargs (D:8)
  3 water moccasins
  A hornet zombie (D:8)
  3 ice beasts (D:7)
  A sky beast (D:4)
  A necrophage (D:5)
  3 orc warriors
  4 centaurs
  2 kobold brigands
  A bullfrog (D:9)
  A scorpion (D:6)
  3 water moccasin zombies
  2 killer bees (D:9)
  5 wights
  3 electric eels
  A bullfrog zombie (D:5)
  4 centaur zombies
  Crazy Yiuf (D:7)
  4 orc priests
  A bullfrog skeleton (D:6)
  An iguana (D:5)
  10 orc wizards
  4 gnolls (D:8)
  3 adders
  12 river rats
  A shadow imp (D:6)
  An ufetubus (D:4)
  3 worms
  A dart slug (D:1)
  33 orcs
  12 ball pythons
  5 bats
  7 endoplasms
  5 giant cockroaches
  6 goblins
  8 hobgoblins
  3 jackals (D:5)
  4 quokkas
  7 frilled lizards
  29 kobolds
  14 rats
254 creatures vanquished.

Vanquished Creatures (others)
  5 fungi (D:7)
  15 plants
20 creatures vanquished.

Grand Total: 274 creatures vanquished

Notes
Turn   | Place    | Note
-------+----------+-------------------------------------------
     0 | D:1      | NinjaNoafa the Minotaur Fighter began the quest for the
                  | Orb.
     0 | D:1      | Reached XP level 1. HP: 19/19 MP: 0/0
   219 | D:1      | Reached XP level 2. HP: 27/27 MP: 1/1
   977 | D:2      | Reached skill level 4 in Fighting
  1026 | D:2      | Identified the +6 hand axe "Ywodorun" {vorpal, SInv}
  1036 | D:2      | Reached XP level 3. HP: 33/33 MP: 2/2
  1513 | D:3      | Reached skill level 1 in Axes
  1523 | D:3      | Found a shimmering altar of Xom.
  1840 | D:3      | Reached XP level 4. HP: 31/40 MP: 3/3
  1885 | D:3      | Found a glowing drain.
  1889 | Sewer    | Entered a sewer
  2016 | Sewer    | Reached XP level 5. HP: 28/47 MP: 4/4
  2404 | Sewer    | Reached skill level 5 in Armour
  2404 | Sewer    | Reached XP level 6. HP: 47/55 MP: 5/5
  2475 | Sewer    | Reached skill level 5 in Shields
  2773 | D:3      | Reached skill level 5 in Fighting
  2786 | D:3      | Gained mutation: Your flesh is heat resistant. (rF+)
                  | [potion of mutation]
  2786 | D:3      | Gained mutation: You tend to lose your temper in combat.
                  | [potion of mutation]
  2786 | D:3      | Gained mutation: Your spells are a little harder to cast,
                  | but a little more powerful. [potion of mutation]
  2894 | D:4      | Lost mutation: You tend to lose your temper in combat.
                  | [potion of mutation]
  2894 | D:4      | Lost mutation: Your flesh is heat resistant. (rF+) [potion
                  | of mutation]
  2894 | D:4      | Gained mutation: You are frail. (-10% HP) [potion of
                  | mutation]
  2894 | D:4      | Gained mutation: You are partially covered in iridescent
                  | scales. (AC +2) [potion of mutation]
  2895 | D:4      | Lost mutation: You are partially covered in iridescent
                  | scales. (AC +2) [potion of mutation]
  2895 | D:4      | Lost mutation: Your spells are a little harder to cast, but
                  | a little more powerful. [potion of mutation]
  2895 | D:4      | Lost mutation: You are frail. (-10% HP) [potion of
                  | mutation]
  2895 | D:4      | Gained mutation: You have large cloven feet. [potion of
                  | mutation]
  2931 | D:4      | Found an ornate altar of the Wu Jian Council.
  2947 | D:4      | Became a worshipper of the Wu Jian Council
  2961 | D:4      | Found a sacrificial altar of Ru.
  3137 | D:4      | Found a glowing golden altar of the Shining One.
  3200 | D:4      | Noticed a sky beast
  3204 | D:4      | Killed a sky beast
  3608 | D:5      | Entered Level 5 of the Dungeon
  3608 | D:5      | Found a staircase to the Ecumenical Temple.
  3755 | D:5      | Reached XP level 7. HP: 59/61 MP: 6/6
  4005 | D:5      | Noticed a komodo dragon
  4010 | D:5      | Killed a komodo dragon
  4011 | D:5      | Reached skill level 6 in Fighting
  4011 | D:5      | Reached skill level 5 in Axes
  4205 | D:5      | Noticed Eustachio
  4212 | D:5      | Killed Eustachio
  4213 | D:5      | Reached XP level 8. HP: 71/71 MP: 7/7
  4232 | D:5      | Got the Reference Book on Blows and Bruises
  4393 | D:5      | Reached * piety under Wu Jian
  4966 | D:6      | Reached skill level 1 in Dodging
  5192 | D:6      | Reached skill level 7 in Fighting
  5238 | D:6      | Found an opulent altar of Gozag.
  5240 | D:6      | Found a snail-covered altar of Cheibriados.
  5244 | D:6      | Found a hazy altar of Hepliaklqana.
  5286 | D:6      | Found a sparkling altar of Nemelex Xobeh.
  5716 | D:7      | Reached XP level 9. HP: 80/80 MP: 8/8
  5929 | D:7      | Found a runed translucent door.
  5930 | D:7      | Noticed Crazy Yiuf
  5936 | D:7      | Killed Crazy Yiuf
  5962 | D:8      | Found a transporter.
  5973 | D:8      | Reached skill level 1 in Evocations
  5985 | D:8      | Found a transporter.
  6035 | D:8      | Reached skill level 8 in Fighting
  6037 | D:8      | Lost mutation: You have large cloven feet. [potion of
                  | mutation]
  6037 | D:8      | Gained mutation: Your muscles are strong. (Str +2) [potion
                  | of mutation]
  6037 | D:8      | Gained mutation: You sometimes lose the ability to read
                  | scrolls when taking damage. [potion of mutation]
  6037 | D:8      | Gained mutation: You have large cloven feet. [potion of
                  | mutation]
  6228 | D:8      | Reached ** piety under Wu Jian
  6423 | D:8      | Reached skill level 5 in Dodging
  6429 | D:8      | Reached skill level 5 in Evocations
  6630 | D:8      | Reached XP level 10. HP: 43/88 MP: 9/9
  6650 | D:8      | Found a staircase to the Lair.
  6841 | Lair:1   | Entered Level 1 of the Lair of Beasts
  6845 | Lair:1   | Noticed a cane toad
  6868 | Lair:1   | Killed a cane toad
  7255 | D:8      | Found a stormy altar of Qazlal.
  7912 | D:9      | Noticed a rakshasa
  7913 | D:9      | Noticed a manticore
  7927 | D:9      | HP: 2/90 [rakshasa (illusionary)/lance of force (23)]
  7934 | D:9      | Killed a rakshasa
  7935 | D:9      | Reached skill level 9 in Fighting
  8323 | D:9      | Noticed a two-headed ogre
  8332 | D:9      | Killed a two-headed ogre
  8333 | D:9      | Reached XP level 11. HP: 88/97 MP: 10/10
  8420 | D:9      | Reached *** piety under Wu Jian
  8713 | D:9      | Got the Almanac of Supportive Conjuration
  8751 | D:9      | Lost mutation: You sometimes lose the ability to read
                  | scrolls when taking damage. [potion of mutation]
  8751 | D:9      | Lost mutation: You have large cloven feet. [potion of
                  | mutation]
  8751 | D:9      | Gained mutation: You have a pair of large horns on your
                  | head. [potion of mutation]
  8751 | D:9      | Gained mutation: Your flesh is heat resistant. (rF+)
                  | [potion of mutation]
  9168 | D:9      | Noticed a two-headed ogre
  9179 | D:9      | Killed a two-headed ogre
  9505 | D:10     | Entered Level 10 of the Dungeon
  9839 | D:10     | Noticed Psyche
  9843 | D:10     | Killed Psyche
 10227 | D:10     | Reached skill level 10 in Fighting
 10616 | D:11     | Noticed a centaur warrior
 10616 | D:11     | Noticed a cyan ugly thing
 10616 | D:11     | Noticed a red ugly thing
 10616 | D:11     | Noticed a six-headed hydra
 10616 | D:11     | Noticed a white ugly thing
 10624 | D:11     | Identified the +12 morningstar of Fate {freeze, Str-4
                  | Dex+4}
 10953 | D:11     | Noticed Sonja
 10967 | D:11     | Cast into level 2 of the Abyss (Sonja)
 10991 | Abyss:2  | Noticed a lich
 11014 | Abyss:2  | Noticed a rakshasa
 11072 | Abyss:2  | Noticed a spatial maelstrom
 11081 | Abyss:2  | Noticed a spatial maelstrom
 11087 | Abyss:2  | Mangled by a spatial maelstrom

Illustrated notes

Levels and vault maps discovered:
D:1:      scummos_arrival_checkerplants, layout_basic
D:2:      layout_rooms
D:3:      layout_rooms, mainiacjoe_overflow_catwalk, gup_sewer_entry_spiral
D:4:      layout_gridville, nicolae_ru_sacrificial_ziggurat,
          lemuel_doored_altar, nicolae_wu_jian_wuxing_cycle
D:5:      layout_loops_corners, minmay_temple_entry_mist, uniq_eustachio
D:6:      layout_rooms, minitemple, nicolae_overflow_hidden_temple
D:7:      layout_rooms, uniq_crazy_yiuf_cottage
D:8:      gammafunk_steamed_eel, layout_rooms, nicolae_qazlal_style_of_elements,
          erik_lair_orcish_takeover, st_stairs_6
D:9:      layout_basic, serial_glass, glass_columns_a, glass_columns_c,
          minmay_strange_pillars, minmay_joined_circles
D:10:     layout_loops_ring, kennysheep_generic_room_4, uniq_psyche
D:11:     minmay_ambush_box, layout_loops_cross, minmay_orc_entry_guard_dogs,
          hangedman_decor_peaks_small, uniq_sonja, uniq_maurice, uniq_snorg
Lair:1:   layout_gridlike, serial_bayou_shore_a
Abyss:2:  base:
D:3

Skill      XL: |  1  2  3  4  5  6  7  8  9 10 11 |
---------------+----------------------------------+-----
Shields        | 4 5 6 7 8 9 |  9.2
Armour         | 4 5 6 7 8 |  8.4
Fighting       | 4 5 6 7 8 9 10 | 10.2
Long Blades    | 3 |  3.0
Axes           | 1 2 3 4 5 6 7 8 |  8.4
Dodging        | 3 7 8 9 |  9.1
Evocations     | 5 6 |  6.8
Throwing       | 2 4 |  4.1

Action                   |  1- 3 |  4- 6 |  7- 9 | 10-12 || total
-------------------------+-------+-------+-------+-------++-------
Melee: Long sword        |    37 |       |       |       ||    37
       Headbutt          |     9 |    15 |    30 |    45 ||    99
       Hand axe          |    43 |   115 |   152 |   244 ||   554
       Kick              |       |     3 |    46 |    44 ||    93
Throw: Dart              |       |     7 |       |     5 ||    12
Invok: Lunge             |       |     3 |    14 |    14 ||    31
       Whirlwind         |       |       |     8 |    18 ||    26
       Serpent's Lash    |       |       |       |     1 ||     1
 Abil: Wall Jump         |       |       |       |    10 ||    10
Evoke: Wand              |       |       |     1 |     3 ||     4
  Use: Scroll            |     6 |     3 |     3 |    10 ||    22
       Potion            |     2 |     3 |     6 |    12 ||    23
Armor: Scale mail        |    28 |    16 |     7 |       ||    51
       Leather armour    |       |       |     7 |       ||     7
       Ring mail         |       |       |     1 |       ||     1
       Steam dragon scal |       |       |     1 |    34 ||    35
Dodge: Dodged            |    62 |    74 |   102 |   208 ||   446
Block: Buckler           |    21 |    22 |    28 |    74 ||   145
